 Dungeon Crawl Stone Soup version 0.29.1-1-gd02db6906a (webtiles) character file.

Game seed: 8187042556199311612

793 Descartes the Ducker (level 7, -2/31 HPs)
             Began as a Felid Transmuter on Oct 9, 2022.
             Slain by Dowan
             ... wielding a +0 dagger
              (3 damage)
             ... on level 5 of the Dungeon.
             The game lasted 00:13:45 (5530 turns).

Descartes the Ducker (Felid Transmuter)             Turns: 5530, Time: 00:13:46

Health: -2/31      AC:  2    Str: 14    XL:     7   Next: 57%
Magic:  12/12      EV: 20    Int: 14    God:
Gold:   219        SH:  0    Dex: 17    Spells: 8/12 levels left
                                        Lives:  0   Deaths: 2

rFire   . . .      SeeInvis +     - Unarmed
rCold   . . .      Faith    .   (shield unavailable)
rNeg    . . .      Spirit   .   (body armour unavailable)
rPois   .          Reflect  .   (helmet unavailable)
rElec   .          Harm     .   (cloak unavailable)
rCorr   .          Rampage  .   (gloves unavailable)
Will    +....                   (boots unavailable)
Stlth   +++.......              f - amulet of regeneration
HPRegen 0.90/turn               j - +6 ring of strength
MPRegen 0.13/turn               (no ring)

@: mighty, appendages, quick
A: horns 2, very small, claws 1, fangs 3, see invisible, speed 1, shaggy fur 2,
stealthy paws, no weapons or thrown items, no armour, multi-lived
a: End Transformation


You were on level 5 of the Dungeon.
You had temporarily grown beastly horns.
You visited 1 branch of the dungeon, and saw 5 of its levels.
You also visited: Ossuary.

You collected 219 gold pieces.

Inventory:

Jewellery
 f - an amulet of regeneration (around neck)
 j - a +6 ring of strength (left paw)
 o - an amulet of reflection
Wands
 m - a wand of acid (13)
 t - a wand of roots (7)
Scrolls
 c - 4 scrolls of teleportation
 d - 4 scrolls of vulnerability
 i - a scroll of enchant weapon
 l - 3 scrolls of immolation
 n - a scroll of fear
 r - a scroll of noise
 x - a scroll of enchant armour {unknown}
Potions
 a - 4 potions of lignification
 b - 3 potions of attraction {unknown}
 e - a potion of resistance {unknown}
 g - 3 potions of ambrosia {unknown}
 h - a potion of haste {unknown}
 k - 2 potions of brilliance {unknown}
 p - 2 potions of magic {unknown}
 q - 3 potions of heal wounds {unknown}
 s - a potion of might
 u - 2 potions of flight {unknown}
 v - 2 potions of degeneration {unknown}
 w - a potion of mutation {unknown}


   Skills:
 + Level 3.4 Fighting
 * Level 5.9 Dodging
 * Level 5.6 Stealth
 * Level 5.3 Unarmed Combat
 + Level 3.3 Spellcasting
 + Level 3.6 Translocations
 + Level 3.8 Transmutations
 + Level 2.6 Evocations


You had 8 spell levels left.
You knew the following spells:

 Your Spells              Type           Power      Damage    Failure   Level
a - Beastly Appendage     Tmut           26%        N/A       4%          1
b - Wereblood             Tmut           13%        N/A       7%          2
c - Apportation           Tloc           24%        N/A       4%          1

Your spell library contained the following spells:

 Spells                   Type           Power      Damage    Failure   Level
 Magic Dart               Conj           8%         1d3       22%         1
 Spider Form              Tmut/Pois      7%         N/A       28%         3
 Call Imp                 Summ           2%         N/A       32%         2
 Mephitic Cloud           Conj/Pois/Air  2%         N/A       54%         3
 Ice Form                 Ice/Tmut       7%         N/A       67%         4
 Alistair's Intoxication  Tmut/Pois      4%         N/A       95%         5


Dungeon Overview and Level Annotations

Branches:
Dungeon (5/15)            Ossuary (visited)
 Temple: D:4-7

Altars:
Ashenzari

Annotations:
D:4 Eustachio
D:5 3 runed translucent doors, Dowan; Duvessa; Kaiern's ghost, amateur MiHu; Pikel


Innate Abilities, Weirdness & Mutations

You have temporarily grown beastly horns.
You have sharp claws.
You have razor-sharp teeth.
You have supernaturally acute eyesight. (SInv)
You cover ground quickly. (Speed+)
You are covered in thick fur. (AC +2)
Your paws help you pounce on unaware monsters.
You are incapable of wielding weapons or throwing items.
You cannot wear armour.
You gain extra lives every three experience levels.


Message History

Duvessa and Dowan come into view.
Duvessa is wielding a +0 short sword and carrying a wand of digging (3).
Casting: Beastly Appendage (safe; 4% risk of failure)
Confirm with . or Enter, or press ? or * to list all spells.
You grow a pair of large bovine horns.
Dowan shouts!
Duvessa shouts!
You scratch Duvessa. You claw Duvessa.
Duvessa is lightly wounded.
Dowan drinks a potion.
Dowan seems to grow stronger.
You barely miss Duvessa. Your bite misses Duvessa.
Duvessa is lightly wounded.
Duvessa misses you.
Dowan says, "Stay away from my face!"
Dowan casts a spell.
Dowan blinks!
You scratch Duvessa but do no damage. You headbutt Duvessa, but do no damage.
You bite Duvessa, but do no damage.
Duvessa is lightly wounded.
Duvessa closely misses you.
Dowan smirks and points a slender finger.
You feel very mighty all of a sudden. Duvessa hits you with a +0 short sword.
Dowan smirks and points a slender finger.
Dowan gestures at you while chanting. The puff of flame hits you.
You scratch Duvessa. You headbutt Duvessa! Your bite misses Duvessa.
Duvessa is heavily wounded.
Dowan barely misses you. Duvessa hits you with a +0 short sword.
You claw Duvessa! Your headbutt misses Duvessa.
Duvessa is severely wounded.
Duvessa hits you with a +0 short sword. Dowan hits you with a +0 dagger.
* * * LOW HITPOINT WARNING * * *
You barely miss Duvessa.
Duvessa is severely wounded.
You barely miss Duvessa.
Duvessa is severely wounded.
Duvessa hits you with a +0 short sword!
* * * LOW HITPOINT WARNING * * *
Dowan hits you with a +0 dagger.
You die...

#.##.#..........#
#.##.#####......#
#.##.# #......#
#.##.# #......#
#.##.#####......#
#........+......#
####.#####......#
#e# #.......## #@#
#.#####.# #e# #.
#.# #.. . #.#
###########.######
#.....#.#.....
#.###.#.#.####
#.#...#.#.#
#.#.#.....#
#.#.#.#.###


You could see Duvessa and Dowan (strong).

Vanquished Creatures
  Sigmund (D:4)
  2 lemures (D:5)
  2 phantoms
  2 elf zombies (Ossuary)
  2 necrophages
  A scorpion (D:4)
  A hound (D:4)
  3 orc priests (D:4)
  3 human zombies (Ossuary)
  Ijyb (D:5)
  2 iguanas
  3 orc wizards
  2 mummies (Ossuary)
  Robin (D:1)
  6 adders
  2 ufetubi
  9 worms
  2 dart slugs
  14 orcs
  7 ball pythons
  5 bats
  5 endoplasms
  5 giant cockroaches
  9 hobgoblins
  4 quokkas
  3 frilled lizards
  13 goblins
  A goblin zombie (Ossuary)
  12 hobgoblin zombies (Ossuary)
  A jackal zombie (Ossuary)
  7 kobolds
  7 kobold zombies (Ossuary)
  8 orc zombies (Ossuary)
  4 rats
  2 rat zombies (Ossuary)
152 creatures vanquished.

Vanquished Creatures (others)
  4 fungi (D:5)
4 creatures vanquished.

Grand Total: 156 creatures vanquished

Notes
Turn   | Place    | Note
-------+----------+-------------------------------------------
     0 | D:1      | Descartes the Felid Transmuter began the quest for the Orb.
     0 | D:1      | Reached XP level 1. HP: 9/9 MP: 4/4
   422 | D:1      | Reached XP level 2. HP: 12/12 MP: 4/6
   691 | D:1      | Reached skill level 1 in Stealth
   788 | D:1      | Found a faded altar of an unknown god.
  1137 | D:2      | Reached XP level 3. HP: 15/15 MP: 5/7
  1271 | D:2      | Noticed Robin
  1308 | D:1      | Killed Robin
  1557 | D:2      | Reached XP level 4. HP: 19/19 MP: 6/8
  1812 | D:2      | Reached skill level 1 in Translocations
  2074 | D:3      | Learned a level 2 spell: Wereblood
  2494 | D:3      | Reached XP level 5. HP: 22/22 MP: 7/9
  2839 | D:4      | Reached skill level 1 in Evocations
  2886 | D:4      | Killed from afar by an orc priest
  2887 | D:4      | Reached XP level 4. HP: -4/19 MP: 8/8
  2970 | D:4      | Found a broken altar of Ashenzari.
  3038 | D:4      | Reached XP level 5. HP: 7/22 MP: 9/9
  3065 | D:4      | Noticed a phantom
  3175 | D:4      | Found a sand-covered staircase.
  3182 | Ossuary  | Entered an ossuary
  3471 | Ossuary  | Gained mutation: You are covered in thick fur. (AC +2)
                  | [Felid growth]
  3471 | Ossuary  | Reached XP level 6. HP: 27/27 MP: 9/11
  3715 | D:4      | Reached skill level 5 in Dodging
  3744 | D:4      | Reached XP level 7. HP: 28/30 MP: 12/12
  4232 | D:4      | Noticed Sigmund
  4650 | D:5      | Entered Level 5 of the Dungeon
  4656 | D:5      | Noticed Eustachio
  4690 | D:4      | Slain by Eustachio
  4691 | D:4      | Reached XP level 6. HP: -1/27 MP: 11/11
  4741 | D:4      | Killed Sigmund
  4742 | D:4      | Reached skill level 5 in Stealth
  4742 | D:4      | Reached skill level 5 in Unarmed Combat
  4800 | D:4      | Reached XP level 7. HP: 31/31 MP: 12/12
  4836 | D:5      | Learned a level 1 spell: Apportation
  4839 | D:5      | Noticed Ijyb
  4851 | D:5      | Killed Ijyb
  5221 | D:5      | Found a runed translucent gate.
  5246 | D:5      | Noticed Pikel
  5254 | D:5      | Found a runed translucent gate.
  5254 | D:5      | Found a runed translucent gate.
  5256 | D:5      | Noticed Kaiern's ghost (amateur MiHu)
  5518 | D:5      | Noticed Duvessa
  5518 | D:5      | Noticed Dowan
  5530 | D:5      | HP: 1/31 [Duvessa/+0 short sword (9)]
  5530 | D:5      | Slain by Dowan

Illustrated notes

Levels and vault maps discovered:
D:1:      dpeg_arrival_oval, layout_basic, shapermc_ecumenical_altar_pompeii,
          minmay_tall_x
D:2:      layout_basic, serial_rivers, chequers_serial_rivers_small_b,
          chequers_serial_rivers_micro_a, chequers_serial_rivers_large_b,
          chequers_serial_rivers_large_a, chequers_serial_rivers_small_b,
          uniq_robin
D:3:      layout_basic
D:4:      layout_layer_cave, lemuel_tele_altar, chequers_ossuary_entry_cave,
          hangedman_abyss_or_decor_stabs, nicolae_wormholes, uniq_sigmund
D:5:      layout_basic, gammafunk_ghost_nasty_kobolds, uniq_ijyb,
          uniq_eustachio, uniq_pikel, uniq_duvessa

Skill      XL: |  1  2  3  4  5  6  7 |
---------------+----------------------+-----
Dodging        | 3 4 5 |  5.9
Stealth        | 1 2 3 5 |  5.6
Translocations | 1 2 3 |  3.6
Fighting       | 2 3 |  3.4
Evocations     | 1 2 |  2.6
Unarmed Combat | 4 5 |  5.3
Transmutations | 3 |  3.8
Spellcasting   | 3 |  3.3

Action                   |  1- 3 |  4- 6 |  7- 9 || total
-------------------------+-------+-------+-------++-------
Melee: Unarmed           |    86 |   278 |   130 ||   494
       Headbutt          |    16 |    52 |    21 ||    89
       Punch             |     5 |     8 |     4 ||    17
       Bite              |       |    31 |    17 ||    48
 Cast: Beastly Appendage |    22 |    46 |    28 ||    96
  Use: Scroll            |       |     7 |       ||     7
       Potion            |       |       |     1 ||     1
 Stab: Sleeping          |     1 |    10 |     7 ||    18
Armor: Skin              |     3 |    11 |     7 ||    21
Dodge: Dodged            |    54 |   219 |    82 ||   355
